AAA WEST
TACOMA RAINIERS @ SALT LAKE BEES
04/29/2042
 
TOP OF THE 1ST
Tacoma Rainiers batting - Pitching for Salt Lake Bees : RHP Jesús Gálvez
Pitching: RHP Jesús Gálvez
Batting: RHB Chuck Barnes 0-0: Called Strike
0-1: DOUBLE (Line Drive, 78M, EV 96.9 MPH)
Batting: RHB Enrico Mendoza 0-0: Ground out 5-3 (Groundball, 56S, EV 67.5 MPH)
Batting: LHB José Ortíz 0-0: Ball
1-0: Fly out, F8 (Flyball, 8RD, EV 101.3 MPH)
Batting: RHB Rusty Smith 0-0: Ball
1-0: Ball
2-0: SINGLE (Groundball, 34D, EV 110.0 MPH)
Chuck Barnes to third
Runner from 3rd tries for Home, SAFE, throw by RF to home
Batting: RHB Dan Sibbald 0-0: Foul Ball, location: 2F
0-1: Foul Ball, location: 5FF
0-2: Ball
1-2: Ball
2-2: Strikes out swinging
Top of the 1st over - 1 run, 2 hits, 0 errors, 1 left on base; Tacoma 1 - Salt Lake 0
BOTTOM OF THE 1ST
Salt Lake Bees batting - Pitching for Tacoma Rainiers : RHP Cristián Rodríguez
Pitching: RHP Cristián Rodríguez
Batting: LHB Raúl Vásquez 0-0: Called Strike
0-1: Foul Ball, location: 2F
0-2: Ball
1-2: Ball
2-2: Ground out 3-1 (Groundball, 34, EV 111.9 MPH)
Batting: LHB Joe Taylor 0-0: Foul Ball, location: 7LSF
0-1: Ball
1-1: Foul Ball, location: 2F
1-2: Strikes out swinging
Batting: LHB Dan Powers 0-0: Called Strike
0-1: Foul Ball, location: 2F
0-2: Ball
1-2: Ball
2-2: Fly out, F9 (Flyball, 9S, EV 91.3 MPH)
Bottom of the 1st over - 0 runs, 0 hits, 0 errors, 0 left on base; Tacoma 1 - Salt Lake 0
TOP OF THE 2ND
Tacoma Rainiers batting - Pitching for Salt Lake Bees : RHP Jesús Gálvez
Batting: RHB Theron Scott 0-0: Ball
1-0: DOUBLE (Line Drive, 78XD, EV 106.3 MPH)
Batting: RHB Ernesto Díaz 0-0: Ground out 6-3 (Groundball, 6, EV 100.0 MPH)
Theron Scott to third
Batting: RHB Greg Martin 0-0: Ball
1-0: SINGLE (Flyball, 6MD, EV 93.8 MPH)
Theron Scott scores
Batting: RHB Josh Hannemann 0-0: Ball
1-0: Foul Ball, location: 5DF
1-1: Called Strike
1-2: Strikes out swinging
Batting: RHB Chuck Barnes 0-0: Foul Ball, location: 5DF
0-1: Ball
1-1: Foul Ball, location: 3SF
1-2: Ball
2-2: Strikes out looking
Top of the 2nd over - 1 run, 2 hits, 0 errors, 1 left on base; Tacoma 2 - Salt Lake 0
BOTTOM OF THE 2ND
Salt Lake Bees batting - Pitching for Tacoma Rainiers : RHP Cristián Rodríguez
Batting: RHB Danny Dodds 0-0: Called Strike
0-1: Ball
1-1: Ground out 6-3 (Groundball, 6, EV 92.5 MPH)
Batting: LHB Chris Smith 0-0: Ball
1-0: Ball
2-0: Swinging Strike
2-1: Foul Ball, location: 7LSF
2-2: Ball
3-2: Strikes out swinging, 2-3 out at first.
Batting: RHB Randy Burrowes 0-0: Ball
1-0: Called Strike
1-1: Foul Ball, location: 5F
1-2: Strikes out swinging, 2-3 out at first.
Bottom of the 2nd over - 0 runs, 0 hits, 0 errors, 0 left on base; Tacoma 2 - Salt Lake 0
TOP OF THE 3RD
Tacoma Rainiers batting - Pitching for Salt Lake Bees : RHP Jesús Gálvez
Batting: RHB Enrico Mendoza 0-0: Ball
1-0: Ground out 5-3 (Groundball, 56, EV 93.1 MPH)
Batting: LHB José Ortíz 0-0: Ball
1-0: SOLO HOME RUN (Flyball, 89XD, EV 98.8 MPH), Distance : 399 ft
Batting: RHB Rusty Smith 0-0: Ball
1-0: Foul Ball, location: 9LSF
1-1: Ground out 6-3 (Groundball, 6, EV 80.6 MPH)
Batting: RHB Dan Sibbald 0-0: Ball
1-0: Swinging Strike
1-1: Called Strike
1-2: Foul Ball, location: 2F
1-2: Foul Ball, location: 2F
1-2: Strikes out swinging
Top of the 3rd over - 1 run, 1 hit, 0 errors, 0 left on base; Tacoma 3 - Salt Lake 0
BOTTOM OF THE 3RD
Salt Lake Bees batting - Pitching for Tacoma Rainiers : RHP Cristián Rodríguez
Batting: RHB Phil Howard 0-0: Swinging Strike
0-1: Swinging Strike
0-2: Ball
1-2: Strikes out swinging
Batting: LHB Randy O'Day 0-0: Ball
1-0: Called Strike
1-1: Swinging Strike
1-2: Foul Ball, location: 25FF
1-2: Ground out 6-3 (Groundball, 6, EV 88.8 MPH)
Batting: LHB Ho-cheong Kim 0-0: Called Strike
0-1: Ground out 6-3 (Groundball, 6, EV 83.8 MPH)
Bottom of the 3rd over - 0 runs, 0 hits, 0 errors, 0 left on base; Tacoma 3 - Salt Lake 0
TOP OF THE 4TH
Tacoma Rainiers batting - Pitching for Salt Lake Bees : RHP Jesús Gálvez
Batting: RHB Theron Scott 0-0: Foul Ball, location: 9LSF
0-1: Called Strike
0-2: Strikes out swinging
Batting: RHB Ernesto Díaz 0-0: Called Strike
0-1: Ball
1-1: DOUBLE (Line Drive, 89M, EV 105.6 MPH)
Batting: RHB Greg Martin 0-0: Ball
1-0: Called Strike
1-1: Ball
2-1: Ground out 5-3 (Groundball, 56S, EV 68.8 MPH)
Ernesto Díaz to third
Batting: RHB Josh Hannemann 0-0: Called Strike
0-1: Ball
1-1: Swinging Strike
1-2: SINGLE (Groundball, 34S, EV 68.8 MPH) (infield hit)
Ernesto Díaz scores
Batting: RHB Chuck Barnes 0-0: Ball
1-0: Called Strike
1-1: Ball
2-1: Ground out 6-3 (Groundball, P, EV 77.5 MPH)
Top of the 4th over - 1 run, 2 hits, 0 errors, 1 left on base; Tacoma 4 - Salt Lake 0
BOTTOM OF THE 4TH
Salt Lake Bees batting - Pitching for Tacoma Rainiers : RHP Cristián Rodríguez
Batting: LHB Raúl Vásquez 0-0: Called Strike
0-1: Swinging Strike
0-2: Strikes out swinging
Batting: LHB Joe Taylor 0-0: Fly out, F8 (Flyball, 8LM, EV 98.8 MPH)
Batting: LHB Dan Powers 0-0: Ball
1-0: Called Strike
1-1: Ball
2-1: Ball
3-1: Foul Ball, location: 3DF
3-2: Ground out 5-3 (Groundball, 56, EV 101.3 MPH)
Bottom of the 4th over - 0 runs, 0 hits, 0 errors, 0 left on base; Tacoma 4 - Salt Lake 0
TOP OF THE 5TH
Tacoma Rainiers batting - Pitching for Salt Lake Bees : RHP Jesús Gálvez
Batting: RHB Enrico Mendoza 0-0: Ball
1-0: Ball
2-0: Ball
3-0: Base on Balls
Batting: LHB José Ortíz 0-0: Ball
1-0: Ball
2-0: Ball
3-0: Base on Balls
Enrico Mendoza to second
Batting: RHB Rusty Smith 0-0: Ball
1-0: Ball
2-0: Foul Ball, location: 25FF
2-1: Ball
3-1: Base on Balls
Enrico Mendoza to third
José Ortíz to second
Batting: RHB Dan Sibbald 0-0: Called Strike
0-1: Ball
1-1: Fly out, F8 (Line Drive, 8LM, EV 100.6 MPH)
Runner from 3rd tags up, OUT at HOME! 8-2
José Ortíz to third
Rusty Smith to second
Batting: RHB Theron Scott 0-0: Ball
Wild Pitch!
José Ortíz scores
Rusty Smith to third
1-0: Foul Ball, location: 9LSF
1-1: SINGLE (Flyball, 9LS, EV 86.9 MPH)
Rusty Smith scores
Pitching: RHP Víctor Aguilar
Batting: RHB Ernesto Díaz 0-0: Ground out 4-3 (Groundball, 34, EV 96.9 MPH)
Top of the 5th over - 2 runs, 1 hit, 0 errors, 1 left on base; Tacoma 6 - Salt Lake 0
BOTTOM OF THE 5TH
Salt Lake Bees batting - Pitching for Tacoma Rainiers : RHP Cristián Rodríguez
Batting: RHB Danny Dodds 0-0: Called Strike
0-1: Ball
1-1: Called Strike
1-2: Ball
2-2: Ball
3-2: Ground out U3 (Groundball, 3, EV 86.3 MPH)
Batting: LHB Chris Smith 0-0: Called Strike
0-1: Swinging Strike
0-2: Foul Ball, location: 7LSF
0-2: Ball
1-2: Strikes out swinging
Batting: RHB Randy Burrowes 0-0: Ground out 5-3 (Groundball, 56, EV 108.1 MPH)
Bottom of the 5th over - 0 runs, 0 hits, 0 errors, 0 left on base; Tacoma 6 - Salt Lake 0
TOP OF THE 6TH
Tacoma Rainiers batting - Pitching for Salt Lake Bees : RHP Víctor Aguilar
Batting: RHB Greg Martin 0-0: Called Strike
0-1: Ball
1-1: Called Strike
1-2: Ball
2-2: Foul Ball, location: 9LMF
2-2: SOLO HOME RUN (Flyball, 89XD, EV 106.3 MPH), Distance : 401 ft
Batting: RHB Josh Hannemann 0-0: Called Strike
0-1: Ball
1-1: Ball
2-1: Called Strike
2-2: Fly out, F7 (Flyball, 7LD, EV 110.0 MPH)
Batting: RHB Chuck Barnes 0-0: DOUBLE (Line Drive, 9LM, EV 98.1 MPH)
Batting: RHB Enrico Mendoza 0-0: Called Strike
0-1: Ball
1-1: Foul Ball, location: 9LMF
1-2: Strikes out swinging
Batting: LHB José Ortíz 0-0: Foul Ball, location: 25F
0-1: Ball
1-1: Ball
2-1: Foul Ball, location: 2RF
2-2: Ball
3-2: Strikes out swinging
Top of the 6th over - 1 run, 2 hits, 0 errors, 1 left on base; Tacoma 7 - Salt Lake 0
BOTTOM OF THE 6TH
Salt Lake Bees batting - Pitching for Tacoma Rainiers : RHP Cristián Rodríguez
Batting: RHB Phil Howard 0-0: Ball
1-0: Ball
2-0: Ball
3-0: Called Strike
3-1: SOLO HOME RUN (Flyball, 9D, EV 98.1 MPH), Distance : 375 ft
Batting: LHB Randy O'Day 0-0: Called Strike
0-1: Ball
1-1: Ball
2-1: Swinging Strike
2-2: Hit by Pitch
Batting: LHB Ho-cheong Kim 0-0: Called Strike
0-1: Ball
1-1: Fly out, F8 (Flyball, 89M, EV 78.1 MPH)
Batting: LHB Raúl Vásquez 0-0: Ball
1-0: Ball
Randy O'Day steals 2nd base
2-0: Foul Ball, location: 2F
2-1: Ball
3-1: Foul Ball, location: 2F
3-2: Base on Balls
Batting: LHB Joe Taylor 0-0: Fly out, F8 (Flyball, 8RD, EV 101.9 MPH)
Batting: LHB Dan Powers 0-0: Ground out 1-3 (Groundball, 13, EV 65.0 MPH)
Bottom of the 6th over - 1 run, 1 hit, 0 errors, 2 left on base; Tacoma 7 - Salt Lake 1
TOP OF THE 7TH
Tacoma Rainiers batting - Pitching for Salt Lake Bees : RHP Víctor Aguilar
Batting: RHB Rusty Smith 0-0: Called Strike
0-1: Ball
1-1: Ball
2-1: Called Strike
2-2: Strikes out swinging
Batting: RHB Dan Sibbald 0-0: Fly out, F9 (Flyball, 9S, EV 85.0 MPH)
Batting: RHB Theron Scott 0-0: Called Strike
0-1: Ball
1-1: Ground out 5-3 (Groundball, 5, EV 76.3 MPH)
Top of the 7th over - 0 runs, 0 hits, 0 errors, 0 left on base; Tacoma 7 - Salt Lake 1
BOTTOM OF THE 7TH
Salt Lake Bees batting - Pitching for Tacoma Rainiers : RHP Cristián Rodríguez
Batting: RHB Danny Dodds 0-0: SINGLE (Flyball, 8LS, EV 91.3 MPH)
Batting: LHB Chris Smith 0-0: Swinging Strike
0-1: Ball
1-1: Ball
2-1: Ground out 6-3 (Groundball, 4MS, EV 71.9 MPH)
Danny Dodds to second
Batting: RHB Randy Burrowes 0-0: Called Strike
0-1: Foul Ball, location: 2F
0-2: Ball
1-2: Strikes out swinging
Pitching: RHP Bob Major
Batting: RHB Phil Howard 0-0: Ball
1-0: Swinging Strike
1-1: Foul Ball, location: 2F
1-2: Foul Ball, location: 2F
1-2: Strikes out swinging
Bottom of the 7th over - 0 runs, 1 hit, 0 errors, 1 left on base; Tacoma 7 - Salt Lake 1
TOP OF THE 8TH
Tacoma Rainiers batting - Pitching for Salt Lake Bees : RHP Víctor Aguilar
Batting: RHB Ernesto Díaz 0-0: Ball
1-0: DOUBLE (Groundball, 3D, EV 105.0 MPH)
Batting: RHB Greg Martin 0-0: Fly out, F8 (Flyball, 8RD, EV 105.0 MPH)
Batting: RHB Josh Hannemann 0-0: Swinging Strike
0-1: Ball
1-1: Ball
2-1: Ball
3-1: Foul Ball, location: 9LMF
3-2: Strikes out looking
Batting: RHB Chuck Barnes 0-0: Swinging Strike
0-1: Ball
1-1: Ball
2-1: Foul Ball, location: 2F
2-2: Ball
3-2: Strikes out swinging
Top of the 8th over - 0 runs, 1 hit, 0 errors, 1 left on base; Tacoma 7 - Salt Lake 1
BOTTOM OF THE 8TH
Salt Lake Bees batting - Pitching for Tacoma Rainiers : RHP Bob Major
Batting: LHB Randy O'Day 0-0: Ball
1-0: Ball
2-0: Ground out U3 (Groundball, 34, EV 96.3 MPH)
Batting: LHB Ho-cheong Kim 0-0: Ball
1-0: Foul Ball, location: 3F
1-1: Fly out, F7 (Flyball, 7, EV 84.4 MPH)
Batting: LHB Raúl Vásquez 0-0: Ball
1-0: Ball
2-0: Ground out 4-3 (Groundball, 4, EV 86.3 MPH)
Bottom of the 8th over - 0 runs, 0 hits, 0 errors, 0 left on base; Tacoma 7 - Salt Lake 1
TOP OF THE 9TH
Tacoma Rainiers batting - Pitching for Salt Lake Bees : RHP Víctor Aguilar
Batting: RHB Enrico Mendoza 0-0: Ball
1-0: Ball
2-0: Ball
3-0: Called Strike
3-1: Foul Ball, location: 5FF
3-2: Base on Balls
Batting: LHB José Ortíz 0-0: Ball
1-0: Ball
2-0: Called Strike
2-1: Ball
3-1: Base on Balls
Enrico Mendoza to second
Batting: RHB Rusty Smith 0-0: SINGLE (Line Drive, 78S, EV 103.1 MPH)
Enrico Mendoza to third
José Ortíz to second
Batting: RHB Dan Sibbald 0-0: Ball
1-0: Ball
2-0: Called Strike
2-1: Foul Ball, location: 3DF
2-2: Ball
3-2: DOUBLE (Line Drive, 78M, EV 101.3 MPH)
Enrico Mendoza scores
José Ortíz scores
Rusty Smith to third
Pitching: RHP Willy Hernández
Batting: RHB Theron Scott 0-0: Ball
1-0: DOUBLE (Flyball, 7LD, EV 89.4 MPH)
Rusty Smith scores
Dan Sibbald scores
Pinch Hitting: RHB Ric Dennis 0-0: Foul Ball, location: 5F
0-1: Called Strike
0-2: Ball
1-2: Ground out 4-3 (Groundball, 4, EV 91.3 MPH)
Theron Scott to third
Batting: RHB Greg Martin 0-0: 2-RUN HOME RUN (Flyball, 8RXD, EV 106.9 MPH), Distance : 439 ft
Batting: RHB Josh Hannemann 0-0: Ball
1-0: Called Strike
1-1: Ball
2-1: Swinging Strike
2-2: Strikes out looking
Batting: RHB Chuck Barnes 0-0: Called Strike
0-1: Foul Ball, location: 23F
0-2: Strikes out looking
Top of the 9th over - 6 runs, 4 hits, 0 errors, 0 left on base; Tacoma 13 - Salt Lake 1
BOTTOM OF THE 9TH
Salt Lake Bees batting - Pitching for Tacoma Rainiers : RHP Bob Major
Now in CF: Ric Dennis
Pinch Hitting: RHB Max Sowerby 0-0: Ball
1-0: Swinging Strike
1-1: Swinging Strike
1-2: Ball
2-2: Ball
3-2: Foul Ball, location: 2F
3-2: Strikes out swinging
Batting: LHB Dan Powers 0-0: Foul Ball, location: 2F
0-1: Ball
1-1: Called Strike
1-2: Strikes out looking
Pinch Hitting: RHB Jorge Domínguez 0-0: Ball
1-0: Fly out, F9 (Flyball, 9LM, EV 74.4 MPH)
Bottom of the 9th over - 0 runs, 0 hits, 0 errors, 0 left on base; Tacoma 13 - Salt Lake 1
Friday, May 3rd , 2024 - OOTP Baseball 24.10 Build 82